Map: Prion Terraces

Players

Miszu - Winner!

  • Race: Protoss Protoss
  • League: Grandmaster

DarthBane

  • Race: Zerg Zerg
  • League: Master

VOD

Have the link to the VOD?

Description

Time

  • Played on: April 8, 2016, 6:13 p.m.
  • Length: 11:38
Show
View Real Time Build Order
Export as new Build Order

Miszu Protoss - Winner!

Build Orders: 1 Gate Expand, Mass Adepts 

Get SALT Encoding   

  12  0:01  Probe (Chrono Boost)  
  13  0:11  Probe (Chrono Boost)  
  14  0:19  Pylon  
  14  0:27  Probe (Chrono Boost)  
  15  0:38  Probe (Chrono Boost)  
  15  0:40  Gateway  
  16  0:48  Probe (Chrono Boost)  
  17  0:59  Probe (Chrono Boost)  
  18  1:15  Nexus  
  18  1:19  Probe (Chrono Boost)  
  19  1:27  Assimilator  
  19  1:30  Probe (Chrono Boost)  
  20  1:39  Cybernetics Core  
  20  1:42  Probe (Chrono Boost)  
  20  1:44  Assimilator  
  21  1:53  Probe (Chrono Boost)  
  22  1:57  Pylon  
  22  2:03  Probe (Chrono Boost)  
  24  2:15  Probe (Chrono Boost)  
  24  2:24  Warp Gate  
  24  2:26  Probe (Chrono Boost)  
  24  2:28  Adept (Chrono Boost), Mothership Core (Chrono Boost)  
  29  2:36  Probe (Chrono Boost)  
  30  2:47  Probe  
  30  2:48  Probe  
  32  2:52  Pylon  
  32  2:54  Adept (Chrono Boost)  
  34  2:59  Probe  
  34  3:00  Probe  
  36  3:11  Gateway, Probe  
  36  3:12  Gateway  
  37  3:20  Probe  
  37  3:23  Adept (Chrono Boost)  
  37  3:24  Probe  
  41  3:32  Probe  
  40  3:35  Pylon  
  40  3:36  Probe  
  43  3:48  Adept (Chrono Boost)  
  44  4:06  Probe  
  45  4:13  Probe  
  45  4:15  Assimilator x2  
  46  4:17  Pylon  
  46  4:18  Pylon  
  42  4:25  Stargate  
  42  4:27  Probe x2  
  42  4:28  Adept, Stargate  
  42  4:29  Adept x2  
  49  4:35  Pylon  
  49  4:39  Probe x2  
  51  4:49  Adept  
  51  4:50  Adept x2  
  51  4:51  Probe x2  
  59  5:03  Probe x2  
  61  5:10  Adept  
  63  5:15  Probe  
  64  5:22  Nexus  
  64  5:24  Probe  
  64  5:26  Pylon  
  64  5:28  Adept x3, Probe  
  71  5:30  Phoenix (Chrono Boost)  
  71  5:31  Phoenix (Chrono Boost)  
  76  5:36  Probe  
  77  5:51  Probe  
  77  5:56  Probe  
  79  5:57  Phoenix x2 (Chrono Boost)  
  79  6:03  Robotics Facility  
  83  6:05  Robotics Facility  
  83  6:10  Probe  
  80  6:19  Phoenix (Chrono Boost)  
  76  6:32  Probe  
  77  6:38  Probe  
  74  6:41  Phoenix x2 (Chrono Boost)  
  74  6:44  Probe  
  79  6:51  Immortal  
  79  6:52  Immortal, Pylon  
  87  6:58  Sentry  
  87  7:00  Probe  
  87  7:01  Probe  
  86  7:02  Phoenix (Chrono Boost), Pylon, Probe  
  90  7:09  Sentry, Pylon, Assimilator  
  90  7:11  Probe  
  90  7:13  Probe  
  94  7:21  Probe  
  94  7:22  Probe  
  95  7:28  Probe  
  97  7:30  Immortal  
  97  7:31  Immortal  
  105  7:50  Probe  
  106  7:54  Probe  
  106  7:55  Forge, Probe  
  106  7:56  Twilight Council  
  108  7:59  Pylon  
  108  8:00  Zealot x3  
  108  8:01  Assimilator  
  108  8:02  Probe  
  108  8:04  Gateway  
  108  8:05  Gateway  
  115  8:07  Gateway  
  115  8:09  Immortal  
  115  8:11  Gateway x2  
  119  8:16  Immortal, Pylon  
  123  8:23  Sentry x2  
  127  8:27  Zealot  
  127  8:29  Protoss Ground Weapons Level 1  
  129  8:43  Charge (Chrono Boost)  
  129  8:45  Pylon  
  129  8:48  Zealot x3  
  129  8:49  Observer, Pylon  
  129  8:51  Gateway  
  129  8:54  Gateway  
  134  9:09  Warp Prism, Zealot x3  
  142  9:18  Immortal  
  142  9:20  Pylon  
  142  9:22  Pylon  
  146  9:24  Pylon  
  146  9:29  Pylon  
  146  9:30  Pylon  
  146  9:36  Templar Archives  
  146  9:37  Zealot x4  
  146  9:38  Zealot x4  
  162  9:45  Warp Prism  
  164  9:59  Zealot x3  
  170  10:00  Zealot x2  
  170  10:02  Pylon  
  170  10:06  Nexus  
  174  10:08  Observer  
  175  10:22  Zealot  
  175  10:23  Zealot x3  
  175  10:24  High Templar x6  
  175  10:28  Archon x2  
  195  10:29  Archon  
  195  10:44  Zealot x2  
  197  11:05  Zealot x2  
  149  11:35  Zealot x3  
  149  11:36  Zealot x7  
Show
View Real Time Build Order
Export as new Build Order

DarthBane Zerg 

Build Orders: Hatch First 

Get SALT Encoding   

  12  0:01  Drone  
  13  0:12  Overlord  
  13  0:17  Drone  
  14  0:31  Drone x2  
  14  0:35  Drone  
  17  0:45  Drone  
  18  0:57  Drone, Hatchery  
  17  0:59  Extractor  
  17  1:12  Spawning Pool  
  17  1:15  Drone  
  17  1:18  Drone  
  18  1:28  Drone  
  19  1:38  Overlord  
  19  1:53  Drone  
  20  1:58  Queen  
  20  2:01  Metabolic Boost  
  22  2:03  Drone  
  23  2:08  Queen  
  23  2:10  Drone  
  26  2:30  Drone  
  26  2:33  Hatchery  
  26  2:34  Drone  
  27  2:41  Zergling x2  
  27  2:42  Zergling x6  
  31  2:47  Zergling x2, Evolution Chamber  
  31  2:55  Zergling x4  
  33  3:02  Overlord  
  33  3:05  Queen  
  35  3:09  Zergling x2  
  35  3:35  Zergling x4  
  35  3:36  Zergling x6  
  40  3:46  Drone x3  
  40  3:47  Drone x5  
  46  4:02  Drone x2  
  47  4:09  Extractor  
  46  4:12  Roach Warren, Extractor, Queen  
  46  4:13  Drone  
  46  4:14  Drone x2  
  46  4:15  Overlord x3  
  49  4:22  Overlord  
  49  4:30  Drone  
  49  4:31  Drone  
  49  4:32  Overlord  
  49  4:40  Overlord x2  
  49  4:55  Lair  
  49  4:58  Extractor, Drone  
  49  4:59  Drone x8  
  57  5:05  Roach  
  57  5:06  Roach x2  
  63  5:10  Roach  
  64  5:18  Zergling x4, Roach  
  64  5:19  Roach  
  69  5:31  Zergling x6, Roach x3  
  77  5:44  Roach x4  
  82  5:53  Spore Crawler  
  79  5:59  Glial Reconstitution  
  79  6:00  Hydralisk Den, Drone x2  
  79  6:01  Drone x2  
  79  6:03  Spore Crawler  
  79  6:09  Drone x8  
  79  6:10  Spore Crawler  
  83  6:20  Zergling x2, Roach  
  81  6:37  Muscular Augments  
  81  6:38  Drone  
  77  6:46  Drone x7  
  77  6:47  Drone x2  
  84  6:51  Hatchery  
  83  6:54  Drone x2  
  83  6:56  Overseer  
  82  7:07  Extractor x2  
  80  7:14  Zerg Missile Weapons Level 1  
  80  7:19  Spore Crawler  
  80  7:20  Drone x4  
  83  7:25  Hydralisk x8  
  83  7:29  Drone  
  98  7:32  Overlord  
  92  7:41  Hydralisk x3  
  95  7:53  Overlord, Queen  
  95  7:54  Drone x2  
  99  8:01  Drone  
  99  8:02  Drone x2  
  99  8:04  Drone  
  99  8:05  Drone x2  
  105  8:11  Drone x2  
  107  8:23  Drone x2  
  107  8:25  Drone  
  107  8:26  Drone x7  
  117  8:28  Overlord  
  117  8:30  Lurker Den  
  115  8:40  Drone x2  
  115  8:41  Drone x2  
  114  8:45  Queen  
  112  9:06  Drone x2  
  112  9:08  Drone x3  
  116  9:14  Hydralisk x2, Roach  
  116  9:15  Roach x3  
  128  9:17  Overlord x2  
  128  9:20  Overlord x2  
  128  9:21  Overlord  
  128  9:26  Spore Crawler  
  128  9:30  Overlord x3  
  127  9:44  Hydralisk x3, Roach  
  127  9:45  Roach x4  
  143  9:50  Overlord  
  142  9:58  Hydralisk  
  142  9:59  Hydralisk x2, Roach x2  
  154  10:00  Hydralisk, Roach x5  
  154  10:02  Roach  
  166  10:13  Pneumatized Carapace  
  166  10:19  Drone  
  165  10:25  Overlord x3  
  163  10:29  Ravager x3  
  163  10:30  Ravager  
  163  10:33  Overseer  
  167  10:35  Overlord  
  167  10:48  Hydralisk x9  
  185  10:51  Ravager x7  
  185  10:53  Overlord x2  
  190  10:59  Queen  
  157  11:18  Roach x4  
  138  11:19  Roach x3  
Tags
 
Add a new tag
Caveats
  • Supply blocks, unpowered buildings, or Contaminate may cause inaccurate times.
  • Supply counts are checked every 10 seconds.